 Dungeon Crawl Stone Soup version 0.31-a0-182-gc5ef74bbde (webtiles) character file.

Game seed: 14634057837453351650

1337 qw the Chopper (level 8, -3/53 HPs)
             Began as a Gargoyle Fighter on June 21, 2023.
             Slain by an orc warrior
             ... wielding a +0 glaive
              (7 damage)
             ... on level 6 of the Dungeon.
             The game lasted 00:02:31 (5205 turns).

qw the Chopper (Gargoyle Fighter)                   Turns: 5205, Time: 00:02:32

Health: -3/53      AC: 18    Str: 21    XL:     8   Next: 61%
Magic:  8/8        EV:  6    Int:  8    God:
Gold:   941        SH:  9    Dex:  9    Spells: 7/7 levels left

rFire   . . .        Y - +1 war axe (drain)
rCold   . . .        c - +0 buckler
rNeg    + . .        a - +0 plate armour
rPois   inf          p - +0 helmet
rElec   +            (no cloak)
rCorr   .            (no gloves)
SInv    .            (no boots)
Will    .....        k - amulet of reflection Stlth
                     (no ring)
HPRegen 0.28/turn    (no ring)
MPRegen 0.11/turn

%: reflection
@: flying
A: sickness immunity, AC +5, negative energy resistance 1, electricity
resistance, torment resistance 1, petrification resistance, big wings, robust 1,
weak 1
a: no special abilities


You were on level 6 of the Dungeon.
You visited 1 branch of the dungeon, and saw 6 of its levels.

You collected 941 gold pieces.


Innate Abilities, Weirdness & Mutations

You are immune to sickness and miasma.
Your stone body is resilient. (AC +5)
You are immune to poison.
You resist negative energy. (rN+)
You are resistant to electric shocks. (rElec)
You are resistant to unholy torment.
You are immune to petrification.
Your large and strong wings let you fly.
You are robust. (+10% HP)
You are weak. (Str -2)


   Skills:
 - Level 5.0 Fighting
 + Level 7.8 Axes
 - Level 2.1 Throwing
 - Level 4.7 Armour
 - Level 1.6 Dodging
 - Level 3.2 Shields


You had 7 spell levels left.
You didn't know any spells.
Your spell library was empty.

Inventory:

Hand Weapons
 s - a +3 flail
 Y - a +1 war axe of draining (weapon)
Missiles
 f - 3 boomerangs
 m - 2 javelins (quivered)
Armour
 a - a +0 plate armour (worn)
 c - a +0 buckler (worn)
 p - a +0 helmet (worn)
Jewellery
 k - an amulet of reflection (around neck)
Scrolls
 b - 4 scrolls of teleportation
 i - a scroll of identify
Potions
 d - 3 potions of might
 g - a potion of heal wounds
 j - a potion of lignification
 l - a potion of mutation
 o - a potion of degeneration {unknown}
 q - 2 potions of curing
 r - a potion of attraction {unknown}

Dungeon Overview and Level Annotations

Branches:
Dungeon (6/15)             Temple (0/1) D:6

Altars:
Ashenzari
Dithmenos
Gozag
Hepliaklqana
Qazlal

Shops:
D:1 !

Portals:
Ossuary: D:6

Annotations:
D:4 1 runed translucent door, Crazy Yiuf
D:6 Edmund


Message History

The hound bites you. The orc warrior closely misses you.
You slash the hound!
You kill the hound!
Edmund drinks a potion.
Edmund seems to grow stronger.
The orc warrior hits you but does no damage.
Edmund barely misses you. The orc warrior barely misses you.
Things that are here:
a +0 short sword; a +0 chain mail; an orc corpse
Enter note:
Enter note:
Enter note:
Enter note:
Enter note:
Enter note: You barely miss the orc warrior.
You hit Edmund but do no damage. Edmund hits you but does no damage.
The orc warrior hits you but does no damage.
You slash the orc warrior!
The orc warrior is moderately wounded.
You hit Edmund. You block Edmund's attack.
The orc warrior hits you with a +0 glaive!
You hit the orc warrior.
The orc warrior is heavily wounded.
You hit Edmund but do no damage. You drain Edmund.
Edmund hits you with a +3 flail of holy wrath!
The orc warrior hits you with a +0 glaive.
Edmund closely misses you.
The orc warrior hits you with a +0 glaive!
You barely miss the orc warrior.
The orc warrior is heavily wounded.
You hit Edmund. You drain Edmund.
Edmund hits you with a +3 flail of holy wrath!
You block the orc warrior's attack.
You closely miss the orc warrior.
The orc warrior is heavily wounded.
You hit Edmund.
Edmund hits you with a +3 flail of holy wrath!
The orc warrior hits you with a +0 glaive!
You die...

#...........#
........####...........#
.....(..#..............# ##
.......#..............# .#
......#............... .#
#....#.......####.... .# +##
##'.o#.......# #.... .#
#...#...#o@#.......# #.... .##
#.>.#.\.##@#.......######## ..+
...#... #.'............... .##
############............... .#
#...#...# #######.........
.######.>.#.>.# #.........
......#...#...## ######....
.####.'#######'############ #....
.#......### #............###....
%#.#####..#####...........##...##


You could see Edmund (strong, very drained), an orc warrior and an orc.

Vanquished Creatures
  Eustachio (D:4)
  A water moccasin (D:5)
  4 ogres
  2 scorpions
  A howler monkey (D:6)
  A gnoll bouda (D:5)
  4 hounds
  An orc priest (D:5)
  A sleepcap (D:6)
  Ijyb (D:3)
  2 orc wizards (D:5)
  2 iguanas
  Robin (D:3)
  5 gnolls (D:5)
  9 adders
  A shadow imp (D:5)
  3 worms
  2 dart slugs
  16 orcs
  8 bats
  4 endoplasms
  8 giant cockroaches
  10 hobgoblins
  9 jackals
  4 quokkas
  6 ball pythons
  4 frilled lizards
  6 goblins
  6 kobolds
  4 rats
127 creatures vanquished.

Notes
Turn   | Place    | Note
-------+----------+-------------------------------------------
     0 | D:1      | qw the Gargoyle Fighter began the quest for the Orb.
     0 | D:1      | Reached XP level 1. HP: 14/14 MP: 1/1
     0 | D:1      | 0 ||| qw: Version: 0.3-a-9-g12657ce
     0 | D:1      | 0 ||| qw: Game counter: 1554
     0 | D:1      | 0 ||| qw: Always use a shield: true
     0 | D:1      | 0 ||| qw: God list: Okawaru
     0 | D:1      | 0 ||| qw: Allow faded altars: false
     0 | D:1      | 0 ||| qw: Do Orc after D:15 true
     0 | D:1      | 0 ||| qw: Do second Lair branch before Depths: true
     0 | D:1      | 0 ||| qw: Lair rune preference: random
     0 | D:1      | 0 ||| qw: Plans: Normal, Zot:1-4, Slime:5, God:TSO, Crypt,
                  | Tomb, Abyss, Pan, Hells, Win
     0 | D:1      | 0 ||| PLANNING D:1-11
    70 | D:1      | Reached skill level 2 in Axes
   124 | D:1      | 124 ||| Stepping ~*~*~tactically~*~*~ (stealth).
   125 | D:1      | 125 ||| Stepping ~*~*~tactically~*~*~ (stealth).
   158 | D:1      | Reached XP level 2. HP: 19/19 MP: 2/2
   261 | D:1      | 261 ||| Stepping ~*~*~tactically~*~*~ (hiding).
   428 | D:1      | 428 ||| FLEEEEING.
   504 | D:1      | Reached skill level 3 in Axes
   514 | D:1      | Found Maozuujem's Distillery.
   517 | D:1      | 517 ||| SHOPLISTING 2 potions of enlightenment (110 gold,
                  | have 14).
   517 | D:1      | 517 ||| SHOPLISTING potion of attraction (33 gold, have
                  | 14).
   517 | D:1      | 517 ||| SHOPLISTING potion of curing (33 gold, have 14).
   517 | D:1      | 517 ||| SHOPLISTING potion of enlightenment (55 gold, have
                  | 14).
   517 | D:1      | 517 ||| SHOPLISTING potion of magic (88 gold, have 14).
   517 | D:1      | 517 ||| SHOPLISTING potion of might (44 gold, have 14).
   517 | D:1      | 517 ||| SHOPLISTING potion of resistance (110 gold, have
                  | 14).
   656 | D:1      | 656 ||| DROPPING +0 club.
   747 | D:1      | Reached XP level 3. HP: 23/23 MP: 3/3
   754 | D:1      | 754 ||| Stepping ~*~*~tactically~*~*~ (stealth).
   755 | D:1      | 755 ||| Stepping ~*~*~tactically~*~*~ (stealth).
  1004 | D:1      | 1004 ||| READING 3 scrolls labelled SAVOPA WUQUAPIM.
  1005 | D:1      | 1005 ||| READING 2 scrolls of brand weapon.
  1005 | D:1      | 1005 ||| BRANDING +0 war axe of freezing.
  1006 | D:1      | 1006 ||| READING scroll of brand weapon.
  1006 | D:1      | 1006 ||| BRANDING +0 heavy war axe.
  1007 | D:1      | 1007 ||| READING scroll labelled QEOMYGR NOSA.
  1191 | D:2      | 1191 ||| Stepping ~*~*~tactically~*~*~ (stealth).
  1344 | D:2      | Reached XP level 4. HP: 28/28 MP: 4/4
  1392 | D:2      | Reached skill level 4 in Axes
  1461 | D:2      | 1461 ||| Stepping ~*~*~tactically~*~*~ (hiding).
  1463 | D:2      | 1463 ||| Stepping ~*~*~tactically~*~*~ (hiding).
  1771 | D:2      | 1771 ||| READING scroll labelled OSOSIR PUCRO.
  1772 | D:2      | 1772 ||| READING scroll labelled YPTUEDEVIG.
  1773 | D:2      | 1773 ||| DRINKING 2 pink potions.
  1802 | D:3      | Found an opulent altar of Gozag.
  1814 | D:3      | Found a broken altar of Ashenzari.
  1834 | D:3      | Found a faded altar of an unknown god.
  2102 | D:3      | 2102 ||| Stepping ~*~*~tactically~*~*~ (hiding).
  2103 | D:3      | 2103 ||| Stepping ~*~*~tactically~*~*~ (hiding).
  2104 | D:3      | 2104 ||| Stepping ~*~*~tactically~*~*~ (hiding).
  2283 | D:3      | 2283 ||| Stepping ~*~*~tactically~*~*~ (stealth).
  2284 | D:3      | Noticed Robin
  2285 | D:3      | 2285 ||| Stepping ~*~*~tactically~*~*~ (stealth).
  2286 | D:3      | Noticed Ijyb
  2290 | D:3      | Reached skill level 1 in Throwing
  2293 | D:3      | 2293 ||| DRINKING potion of curing.
  2293 | D:3      | 2293 ||| (to cure confusion)
  2298 | D:3      | Killed Robin
  2299 | D:3      | Reached XP level 5. HP: 24/32 MP: 5/5
  2326 | D:3      | HP: 8/32 [Ijyb/+6 club (2)]
  2330 | D:3      | Killed Ijyb
  2636 | D:3      | 2636 ||| UPGRADING to +0 chain mail.
  2646 | D:3      | 2646 ||| DROPPING +0 scale mail.
  2647 | D:3      | 2647 ||| UPGRADING to +0 helmet.
  2652 | D:3      | 2652 ||| READING scroll labelled EMNOXI ONEYZXI.
  2653 | D:3      | 2653 ||| READING scroll labelled FOUFU MAOLAKHUMN.
  2653 | D:3      | Identified a scroll of acquirement
  2653 | D:3      | 2653 ||| ACQUIRING 718 gold pieces
  2653 | D:3      | Acquired 718 gold pieces
  2655 | D:3      | 2655 ||| DRINKING 2 fuming golden potions.
  2656 | D:3      | 2656 ||| DRINKING 2 red potions.
  2657 | D:3      | 2657 ||| READING 2 scrolls of identify.
  2657 | D:3      | 2657 ||| IDENTIFYING bubbling purple potion
  2658 | D:3      | 2658 ||| DROPPING potion of berserk rage.
  2659 | D:3      | 2659 ||| DROPPING potion of brilliance.
  2720 | D:4      | Noticed an ogre
  2722 | D:4      | 2722 ||| Stepping ~*~*~tactically~*~*~ (stealth).
  2731 | D:4      | Killed an ogre
  2732 | D:4      | Reached skill level 5 in Axes
  2732 | D:4      | Reached XP level 6. HP: 29/37 MP: 6/6
  2751 | D:4      | 2751 ||| Stepping ~*~*~tactically~*~*~ (stealth).
  2767 | D:4      | 2767 ||| Stepping ~*~*~tactically~*~*~ (stealth).
  2769 | D:4      | 2769 ||| Stepping ~*~*~tactically~*~*~ (hiding).
  2926 | D:4      | 2926 ||| Stepping ~*~*~tactically~*~*~ (stealth).
  2980 | D:4      | 2980 ||| UPGRADING to +0 plate armour.
  2981 | D:4      | 2981 ||| UPGRADING to +0 plate armour.
  3010 | D:4      | 3010 ||| UPGRADING to +0 plate armour.
  3015 | D:4      | 3015 ||| DROPPING +0 chain mail.
  3043 | D:4      | Noticed Eustachio
  3068 | D:4      | Killed Eustachio
  3122 | D:4      | 3122 ||| Stepping ~*~*~tactically~*~*~ (stealth).
  3123 | D:4      | 3123 ||| Stepping ~*~*~tactically~*~*~ (stealth).
  3124 | D:4      | 3124 ||| Stepping ~*~*~tactically~*~*~ (stealth).
  3130 | D:4      | Reached XP level 7. HP: 38/44 MP: 7/7
  3157 | D:4      | 3157 ||| Stepping ~*~*~tactically~*~*~ (stealth).
  3363 | D:4      | Found a runed translucent door.
  3364 | D:4      | Noticed Crazy Yiuf
  3417 | D:4      | Found a stormy altar of Qazlal.
  3520 | D:4      | 3520 ||| READING 2 scrolls labelled MUANGAD LIUSH.
  3561 | D:4      | 3561 ||| DRINKING 2 bubbling clear potions.
  3620 | D:5      | Entered Level 5 of the Dungeon
  3626 | D:5      | 3626 ||| STAIRDANCE
  3632 | D:4      | Reached skill level 6 in Axes
  3754 | D:5      | 3754 ||| FLEEEEING.
  3755 | D:5      | 3755 ||| FLEEEEING.
  3756 | D:5      | 3756 ||| FLEEEEING.
  3757 | D:5      | 3757 ||| FLEEEEING.
  3758 | D:5      | 3758 ||| FLEEEEING.
  3761 | D:5      | 3761 ||| FLEEEEING.
  3762 | D:5      | 3762 ||| STAIRDANCE
  3881 | D:5      | 3881 ||| FLEEEEING.
  3882 | D:5      | 3882 ||| FLEEEEING.
  3883 | D:5      | 3883 ||| FLEEEEING.
  3884 | D:5      | 3884 ||| FLEEEEING.
  3885 | D:5      | 3885 ||| FLEEEEING.
  3886 | D:5      | 3886 ||| FLEEEEING.
  3887 | D:5      | 3887 ||| FLEEEEING.
  3891 | D:5      | 3891 ||| STAIRDANCE
  4039 | D:5      | 4039 ||| Stepping ~*~*~tactically~*~*~ (hiding).
  4141 | D:5      | 4141 ||| Stepping ~*~*~tactically~*~*~ (stealth).
  4143 | D:5      | 4143 ||| Stepping ~*~*~tactically~*~*~ (hiding).
  4144 | D:5      | 4144 ||| Stepping ~*~*~tactically~*~*~ (hiding).
  4152 | D:5      | Reached XP level 8. HP: 42/48 MP: 8/8
  4162 | D:5      | 4162 ||| Stepping ~*~*~tactically~*~*~ (stealth).
  4217 | D:5      | Reached skill level 7 in Axes
  4246 | D:5      | Reached skill level 1 in Dodging
  4594 | D:5      | 4594 ||| Stepping ~*~*~tactically~*~*~ (hiding).
  4603 | D:5      | 4603 ||| Stepping ~*~*~tactically~*~*~ (hiding).
  4633 | D:5      | 4633 ||| DROPPING +0 flail.
  4779 | D:5      | 4779 ||| Stepping ~*~*~tactically~*~*~ (stealth).
  4784 | D:5      | 4784 ||| Stepping ~*~*~tactically~*~*~ (stealth).
  4798 | D:5      | Found a shadowy altar of Dithmenos.
  4798 | D:5      | Noticed a shadow
  4803 | D:5      | Found a hazy altar of Hepliaklqana.
  4806 | D:5      | 4806 ||| UPGRADING to amulet of reflection.
  4811 | D:5      | 4811 ||| READING scroll labelled LENGI UDDA.
  4812 | D:5      | 4812 ||| READING 4 scrolls labelled INWOSU RUAPS.
  4813 | D:5      | 4813 ||| DRINKING 2 purple potions.
  4813 | D:5      | Gained mutation: You are weak. (Str -2) [potion of
                  | mutation]
  4813 | D:5      | Gained mutation: Your large and strong wings let you fly.
                  | [potion of mutation]
  4813 | D:5      | Gained mutation: You are robust. (+10% HP) [potion of
                  | mutation]
  4826 | D:5      | 4826 ||| DROPPING 3 scrolls of poison.
  4877 | D:6      | 4877 ||| PLANNING OSSUARY
  4953 | D:6      | Found a sand-covered staircase.
  4989 | D:6      | Found a staircase to the Ecumenical Temple.
  5001 | D:6      | 5001 ||| READING 2 scrolls of identify.
  5001 | D:6      | 5001 ||| IDENTIFYING metallic green potion
  5002 | D:6      | 5002 ||| DROPPING potion of invisibility.
  5191 | D:6      | Noticed Edmund
  5193 | D:6      | 5193 ||| Stepping ~*~*~tactically~*~*~ (stealth).
  5205 | D:6      | HP: 4/53 [Edmund/+3 flail of holy wrath (13)]
  5205 | D:6      | Slain by an orc warrior

Levels and vault maps discovered:
D:1:      shiori_arrival_elements, layout_basic, serial_co_window_serial,
          co_window_paths_b, co_window_paths_b, co_window_paths_a,
          co_window_paths_b, co_window_paths_a, co_window_paths_b,
          co_window_paths_a, co_window_corner_a, co_window_corner_a,
          co_window_broadway_c, co_window_broadway_c, co_window_paths_c,
          co_window_of_opportunity_b, glass_columns_a, serial_shops,
          nicolae_shop_tiny_real_fake_doors
D:2:      layout_loops_ring, minmay_worlds_worst_comb
D:3:      layout_basic, mainiacjoe_overflow_catwalk_spiral,
          ebering_ecumenical_altar_rust, nicolae_goblin_pals
D:4:      layout_rooms, nicolae_qazlal_eye_of_the_storm, minmay_strange_pillars,
          uniq_eustachio, uniq_robin, uniq_crazy_yiuf_cottage
D:5:      layout_loops_ring, riverfiend_overflow_shadow_ancestor
D:6:      layout_basic, minmay_temple_entry_slanted,
          nicolae_ossuary_entry_false_entrances, uniq_edmund

Skill      XL: |  1  2  3  4  5  6  7  8 |
---------------+-------------------------+-----
Axes           | 2 3 4 5 6 7 |  7.8
Throwing       | 1 2 |  2.1
Fighting       | 4 5 |  5.0
Armour         | 4 |  4.7
Dodging        | 1 |  1.6
Shields        | |  3.2

Action                     |  1- 3 |  4- 6 |  7- 9 || total
---------------------------+-------+-------+-------++-------
  Melee: War axe           |   118 |   139 |   115 ||   372
  Throw: Javelin           |       |    24 |    32 ||    56
         Boomerang         |       |       |     6 ||     6
    Use: Scroll            |     4 |     5 |     4 ||    13
         Potion            |       |     4 |     2 ||     6
 Armour: Scale mail        |    56 |    64 |       ||   120
         Chain mail        |       |    18 |       ||    18
         Plate armour      |       |    18 |    78 ||    96
         Skin              |       |     2 |       ||     2
  Dodge: Dodged            |    55 |    96 |    32 ||   183
  Block: Buckler           |    22 |    21 |    40 ||    83

Table legend:
 A = Non-vault XP
 B = Vault XP
 C = Vault XP percentage of total XP
 D = Non-vault monster count
 E = Vault monster count
 F = Vault count percentage of total count
                 A         B        C        D         E       F
            +---------+---------+-------+---------+---------+-------
      Total |    1642 |     269 |  14.1 |     114 |      13 |  10.2
            +---------+---------+-------+---------+---------+-------
        D:1 |      44 |       0 |   0.0 |      27 |       0 |   0.0
        D:2 |      54 |      10 |  15.6 |      13 |       5 |  27.8
        D:3 |      44 |      62 |  58.5 |      16 |       7 |  30.4
        D:4 |     312 |     197 |  38.7 |      16 |       1 |   5.9
        D:5 |     906 |       0 |   0.0 |      34 |       0 |   0.0
        D:6 |     282 |       0 |   0.0 |       8 |       0 |   0.0
            +---------+---------+-------+---------+---------+-------
